 Dungeon Crawl Stone Soup version 0.21.1-1-g345015fe64 (webtiles) character file.

36904 Htamos the Unseen (level 13, -7/57 HPs)
             Began as a Felid Enchanter on July 6, 2018.
             Was the Champion of Dithmenos.
             Killed by angry trees
             ... awakened by a spriggan druid
              (13 damage)
             ... on level 3 of the Swamp.
             The game lasted 02:04:24 (32698 turns).

Htamos the Unseen (Felid Enchanter)                Turns: 32698, Time: 02:04:25

Health: -7/57      AC:  3    Str:  4    XL:     13   Next: 55%
Magic:  21/27      EV: 31    Int: 16    God:    Dithmenos [******]
Gold:   1764       SH:  0    Dex: 22    Spells: 21/30 levels left
                                        Lives:  0   Deaths: 4

rFire    x . .     SeeInvis +     - Unarmed
rCold    + + +     Gourm    .   (shield unavailable)
rNeg     . . .     Faith    .   (armour unavailable)
rPois    .         Spirit   .   (helmet unavailable)
rElec    .         Reflect  .   (cloak unavailable)
rCorr    .         Harm     .   (gloves unavailable)
MR       +....                  (boots unavailable)
Stlth    ++++++++..             (no amulet)
HPRegen  0.19/turn              H - ring of ice
MPRegen  0.20/turn              J - ring of protection from cold

@: wreathed by umbra, very slow
A: very small, no armour, no weapons or thrown items, stealth, claws 1, fangs 3,
see invisible, carnivore, speed 1, shaggy fur 3, slow metabolism 1, sharp paws
a: Shadow Step, Shadow Form, Renounce Religion


You were on level 3 of the Swamp.
You worshipped Dithmenos.
Dithmenos was exalted by your worship.
You were not hungry.

You visited 4 branches of the dungeon, and saw 24 of its levels.
You also visited: Ice Cave.

You collected 1764 gold pieces.

Inventory:

Jewellery
 c - an uncursed ring of protection from magic
 p - a +5 ring of intelligence
 s - a +4 ring of dexterity
 u - the amulet "Ruud Zoa" {Faith +Inv rPois, unknown}
   (You acquired it on level 1 of the Swamp)

   [amulet of faith]

   It allows you to gain divine favour quickly.
   It protects you from poison.
   It lets you turn invisible.
 z - an uncursed ring of magical power
 H - a ring of ice (left paw)
 J - a ring of protection from cold (right paw)
 Q - a +6 ring of evasion
 R - an uncursed ring of stealth
 T - a +3 ring of evasion
 W - a +3 ring of strength
Wands
 o - a wand of enslavement (28)
 D - a wand of polymorph (29)
 E - a wand of iceblast (7)
Scrolls
 d - 7 scrolls of amnesia
 e - a scroll of vulnerability {unknown}
 f - 2 scrolls of immolation
 j - 3 scrolls of identify
 m - 13 scrolls of teleportation
 n - 5 scrolls of fear
 r - 11 scrolls of remove curse
 y - 2 scrolls of fog
 B - a scroll of holy word
 P - 2 scrolls of silence
 U - 5 scrolls of magic mapping
Potions
 g - 2 potions of flight
 k - 4 potions of magic
 l - a potion of mutation
 t - 2 potions of curing
 w - 3 potions of berserk rage
 A - a potion of resistance
 I - 2 potions of agility
 M - a potion of invisibility
 O - 4 potions of brilliance
Books
 a - a book of Maledictions

   Spells                             Type                      Level
   a - Corona                         Hexes                        1
   b - Ensorcelled Hibernation        Hexes/Ice                    2
   c - Confuse                        Hexes                        3
   d - Tukima's Dance                 Hexes                        3
   e - Dazzling Spray                 Conjuration/Hexes            3
 h - a book of Enchantments

   Spells                             Type                      Level
   a - Cause Fear                     Hexes                        4
   b - Yara's Violent Unravelling     Hexes/Transmutation          5
   c - Silence                        Hexes/Air                    5
   d - Deflect Missiles               Charms/Air                   6
   e - Discord                        Hexes                        8
 q - a book of Conjurations

   Spells                             Type                      Level
   a - Magic Dart                     Conjuration                  1
   b - Searing Ray                    Conjuration                  2
   c - Dazzling Spray                 Conjuration/Hexes            3
   d - Fulminant Prism                Conjuration/Hexes            4
   e - Force Lance                    Conjuration/Translocation    4
   f - Iskenderun's Mystic Blast      Conjuration                  4
 F - a book of Geomancy

   Spells                             Type                      Level
   a - Sandblast                      Earth                        1
   b - Passwall                       Transmutation/Earth          2
   c - Stone Arrow                    Conjuration/Earth            3
   d - Petrify                        Transmutation/Earth          4
   e - Lee's Rapid Deconstruction     Earth                        5
 G - a book of Callings

   Spells                             Type                      Level
   a - Summon Small Mammal            Summoning                    1
   b - Call Imp                       Summoning                    2
   c - Call Canine Familiar           Summoning                    3
   d - Summon Guardian Golem          Hexes/Summoning              3
   e - Summon Lightning Spire         Summoning/Air                4
   f - Summon Ice Beast               Ice/Summoning                4
 N - a book of Misfortune

   Spells                             Type                      Level
   a - Confusing Touch                Hexes                        1
   b - Confuse                        Hexes                        3
   c - Gell's Gravitas                Translocation                3
   d - Petrify                        Transmutation/Earth          4
   e - Metabolic Englaciation         Hexes/Ice                    5
   f - Yara's Violent Unravelling     Hexes/Transmutation          5
 S - the Tome of Confrontation
   (You found it on level 6 of the Lair of Beasts)

   Spells                             Type                      Level
   a - Mephitic Cloud                 Conjuration/Poison/Air       3
   b - Dazzling Spray                 Conjuration/Hexes            3
   c - Throw Icicle                   Conjuration/Ice              4
Miscellaneous
 Z - a fan of gales
Comestibles
 b - 70 rations


   Skills:
 * Level 6.6 Fighting
 * Level 12.6 Dodging
 - Level 20.6 Stealth
 * Level 11.4 Unarmed Combat
 - Level 9.4 Spellcasting
 + Level 13.1 Hexes
 - Level 0.2 Ice Magic
 - Level 9.1 Evocations


You had 21 spell levels left.
You knew the following spells:

 Your Spells              Type           Power        Failure   Level  Hunger
a - Corona                Hex            #####..      1%          1    None
b - Ensorcelled Hibernat  Hex/Ice        #####.       1%          2    None
c - Confuse               Hex            #####...     1%          3    None
d - Tukima's Dance        Hex            #####...     1%          3    None


Dungeon Overview and Level Annotations

Branches:
Dungeon (14/15)            Temple (0/1) D:4            Lair (6/6) D:10
  Swamp (3/4) Lair:2       Spider (1/4) Lair:2        Slime (0/5) Lair:5
    Orc (0/2) D:9
 Vaults: D:13-14

Altars:
Cheibriados
Dithmenos
Fedhas
Gozag
Hepliaklqana
Makhleb
Nemelex Xobeh
Okawaru
Ru
Uskayaw
Xom
Yredelemnul
Zin
The Shining One
Jiyva

Shops:
D:7 [   D:12 (


Innate Abilities, Weirdness & Mutations

You cannot wear armour.
You are incapable of wielding weapons or throwing items.
Your paws allow you to move quietly. (Stealth)
You have sharp claws.
You have razor-sharp teeth.
You have supernaturally acute eyesight. (SInv)
You are carnivorous and can eat meat at any time.
You cover ground quickly.
Your thick and shaggy fur keeps you warm. (AC +3, rC+)
You have a slow metabolism.
Your sharp claws are effective at attacking unaware monsters.


Message History

Confirm with . or Enter, or press ? or * to list all spells.
Aiming: Ensorcelled Hibernation
Press: ? - help, Shift-Dir - straight line, f/p - spriggan druid
Aim: a spriggan druid, wielding a quarterstaff and wearing a runed robe (umbra, chance to defeat MR: 9%)
You feel a surge of power!
The spriggan druid resists with almost no effort.
Your shadow mimicks your spell!
The spriggan druid resists with almost no effort.
A tree reaches out and hits you!
* * * LOW HITPOINT WARNING * * *
The spriggan druid casts a spell at you.
The stone arrow misses you.
The stone arrow hits the swamp dragon.
The swamp dragon misses you. The swamp dragon claws you.
* * * LOW HITPOINT WARNING * * *
The swamp dragon completely misses you.
Unknown command.
As you read the scroll of fear, it crumbles to dust.
You assume a fearsome visage.
The spriggan druid looks frightened!
The swamp dragon looks frightened!
You are hit by a branch!
You die...

.≈.♣ ♣♣.?.♣♣ ♣≈..♣.
♣.≈.≈ . ♣♣≈≈≈♣ ≈≈
≈≈≈≈♣♣... ≈≈.♣
♣♣i§.♣..≈≈ ≈≈§≈♣
♣§@≈≈..≈≈≈
≈≈≈.≈♣♣♣♣♣§D≈≈≈..≈≈
≈≈≈≈...≈♣.≈≈≈≈♣≈.≈≈
≈≈≈≈§≈...≈.≈≈♣♣ ≈≈≈
≈≈≈≈≈§≈≈...♣♣≈..≈ ≈
≈≈≈≈≈≈≈..≈§≈.≈.♣♣ ..≈.
♣.≈...♣♣♣.≈≈.§♣♣♣♣♣♣♣..
≈......≈.§≈≈.♣♣≈§♣♣♣♣♣♣
.≈≈≈≈≈≈..≈≈≈.≈..≈≈.≈.♣


You could see a swamp dragon (fleeing) and a spriggan druid (fleeing).

Vanquished Creatures
  Gastronok (Lair:3)
  A thorn hunter (Swamp:2)
  The ghost of GotenAND the Severer, a journeyman DDFi of Makhleb (Lair:6)
  The ghost of Goboxel the Thaumaturge, a journeyman GnSk (Lair:5)
  Nessos (D:13)
  A blizzard demon (IceCv)
  Harold (D:12)
  A centaur warrior (D:14)
  7 hydras
  A catoblepas (Lair:3)
  8 two-headed ogres
  5 alligators
  A spriggan druid (Swamp:2)
  4 unseen horrors
  A swamp dragon (Swamp:1)
  2 ugly things
  A deep elf mage (D:7)
  3 manticores
  3 elephants (Lair:6)
  2 cyclopes
  4 ice statues
  A centaur zombie (D:13)
  28 spiny frogs
  3 black mambas
  3 demonic crawlers
  A rime drake (Lair:1)
  2 anaconda simulacra (IceCv)
  10 ice devils (IceCv)
  3 komodo dragons
  9 tyrant leeches
  A queen bee (Lair:3)
  A golden dragon simulacrum (IceCv)
  2 trolls
  3 jumping spiders
  A polar bear (Lair:4)
  2 hornets
  8 slime creatures
  4 bog bodies
  11 hippogriffs
  A dream sheep (Lair:6)
  17 blink frogs
  Sigmund (D:2)
  2 shadows (Swamp:2)
  36 yaks
  A human (D:7)
  A basilisk (Lair:5)
  4 hogs (D:7)
  A hungry ghost (D:9)
  18 vampire mosquitoes
  2 steam dragons (D:8)
  7 swamp worms
  An acid dragon (D:12)
  4 harpy simulacra (IceCv)
  An iron troll simulacrum (IceCv)
  A soldier ant (D:13)
  5 insubstantial wisps
  2 hydra simulacra (IceCv)
  8 water moccasins
  6 porcupines
  5 orc warriors
  A swamp drake (Swamp:2)
  5 ice beasts
  3 phantoms
  4 black bears
  8 ogres
  2 eyes of draining
  5 sky beasts
  4 wolves (Lair:1)
  8 crocodiles
  6 centaurs
  A big kobold (D:10)
  Blork the orc (D:5)
  25 bullfrogs
  A wyvern zombie (D:8)
  A water moccasin zombie (D:5)
  2 scorpions
  A wyvern skeleton (D:13)
  A water moccasin skeleton (D:6)
  4 spriggan skeletons (D:12)
  23 killer bees
  A vampire bat (D:6)
  3 wights (D:12)
  5 howler monkeys
  A troll skeleton (D:12)
  4 crimson imps
  A bullfrog zombie (D:8)
  3 jellies
  3 orc priests
  5 hounds
  10 orc wizards
  Crazy Yiuf (D:2)
  4 bullfrog skeletons
  5 centaur skeletons
  3 iron imps (D:9)
  Jessica (D:2)
  7 iguanas
  Ijyb (D:4)
  Natasha (thrice) (D:3)
  9 worker ants
  2 hound skeletons
  A worker ant zombie (D:11)
  4 gnolls (D:8)
  20 adders
  A shadow imp (D:10)
  2 adder skeletons
  2 worms
  3 dart slugs
  7 leopard geckos
  44 orcs
  17 bats
  7 giant cockroaches
  7 goblins
  14 hobgoblins
  11 jackals
  2 quokkas
  2 ball pythons
  5 frilled lizards
  2 jackal skeletons
  15 kobolds
  A leopard gecko skeleton (D:6)
  11 rats
  A butterfly (Lair:2)
  A plant (Lair:3)
625 creatures vanquished.

Vanquished Creatures (collateral kills)
  A thorn hunter (Swamp:1)
  4 dream sheep (Lair:5)
5 creatures vanquished.

Vanquished Creatures (others)
  8 fungi
  40 plants
48 creatures vanquished.

Grand Total: 678 creatures vanquished

Notes
Turn   | Place    | Note
-------+----------+-------------------------------------------
     0 | D:1      | Htamos the Felid Enchanter began the quest for the Orb.
     0 | D:1      | Reached XP level 1. HP: 7/7 MP: 4/4
   591 | D:1      | Reached XP level 2. HP: 11/11 MP: 6/6
   678 | D:1      | Reached skill level 5 in Hexes
  1146 | D:1      | Learned a level 2 spell: Ensorcelled Hibernation
  1212 | D:1      | Reached skill level 5 in Stealth
  1696 | D:2      | Reached XP level 3. HP: 7/14 MP: 2/7
  1894 | D:2      | Noticed Jessica
  1898 | D:2      | Killed Jessica
  1941 | D:2      | Reached XP level 4. HP: 5/18 MP: 3/8
  2261 | D:2      | Found a runed door.
  2265 | D:2      | Noticed Crazy Yiuf
  2284 | D:2      | Killed Crazy Yiuf
  2284 | D:2      | Reached skill level 6 in Stealth
  2820 | D:2      | Reached XP level 5. HP: 21/21 MP: 6/9
  2921 | D:2      | Noticed Sigmund
  2947 | D:2      | Killed Sigmund
  2947 | D:2      | Reached skill level 7 in Stealth
  2947 | D:2      | Gained mutation: You are covered in thick fur. (AC +2) [Felid growth]
  2947 | D:2      | Reached XP level 6. HP: 20/24 MP: 5/10
  3087 | D:2      | Found a blossoming altar of Fedhas.
  3316 | D:3      | Reached skill level 8 in Stealth
  3635 | D:3      | HP: 1/24 [orc wizard/dagger (1)]
  3638 | D:3      | Slain by an orc wizard
  3639 | D:3      | Reached XP level 5. HP: -2/21 MP: 1/9
  3684 | D:3      | Noticed Natasha
  3690 | D:3      | Killed Natasha
  3808 | D:3      | Found a shadowy altar of Dithmenos.
  3812 | D:3      | Became a worshipper of Dithmenos the Shadowed
  3938 | D:3      | Reached XP level 6. HP: 25/25 MP: 5/10
  4175 | D:3      | Found a glowing golden altar of the Shining One.
  4175 | D:3      | Found a hide-covered altar of Uskayaw.
  4338 | D:3      | Noticed Natasha
  4434 | D:3      | Killed Natasha
  4832 | D:3      | Noticed Natasha
  4836 | D:3      | Killed Natasha
  4935 | D:3      | Reached skill level 9 in Stealth
  4966 | D:4      | Found a staircase to the Ecumenical Temple.
  5027 | D:4      | Noticed Ijyb
  5031 | D:4      | Killed Ijyb
  5058 | D:4      | Reached XP level 7. HP: 19/28 MP: 6/11
  5261 | D:4      | Reached skill level 10 in Stealth
  5385 | D:4      | Found a sparkling altar of Nemelex Xobeh.
  5528 | D:4      | Reached * piety under Dithmenos
  5970 | D:4      | Found an iron altar of Okawaru.
  6215 | D:5      | Entered Level 5 of the Dungeon
  6306 | D:5      | Found a basalt altar of Yredelemnul.
  6374 | D:5      | Reached skill level 11 in Stealth
  6472 | D:5      | Found a shimmering altar of Xom.
  6591 | D:5      | Reached XP level 8. HP: 14/31 MP: 10/12
  6779 | D:5      | Found a shimmering altar of Xom.
  6780 | D:5      | Found a shimmering altar of Xom.
  7108 | D:5      | Noticed Blork the orc
  7112 | D:5      | Killed Blork the orc
  7305 | D:6      | Found a snail-covered altar of Cheibriados.
  7605 | D:6      | Reached skill level 12 in Stealth
  8034 | D:6      | Reached ** piety under Dithmenos
  8270 | D:6      | Found an opulent altar of Gozag.
  8550 | D:7      | Found Jaanoh's Armour Shoppe.
  8577 | D:7      | Reached skill level 5 in Unarmed Combat
  8738 | D:7      | Reached skill level 13 in Stealth
  8741 | D:7      | Reached XP level 9. HP: 34/34 MP: 13/13
  9249 | D:7      | Reached skill level 14 in Stealth
  9525 | D:7      | Reached skill level 5 in Dodging
  9539 | D:7      | Noticed an unseen horror
  9539 | D:7      | Noticed a deep elf mage
  9539 | D:7      | Noticed a troll
  9540 | D:7      | Noticed an unseen horror
  9544 | D:7      | Killed an unseen horror
  9544 | D:7      | Reached skill level 1 in Evocations
  9567 | D:7      | Killed a troll
  9939 | D:7      | Reached XP level 10. HP: 38/38 MP: 14/14
 10022 | D:7      | Found a hazy altar of Hepliaklqana.
 10086 | D:7      | Killed a deep elf mage
 10086 | D:7      | Reached skill level 10 in Hexes
 10124 | D:7      | Reached *** piety under Dithmenos
 10135 | D:7      | Reached skill level 15 in Stealth
 10141 | D:7      | Reached skill level 1 in Fighting
 10299 | D:8      | Noticed a two-headed ogre
 10305 | D:8      | Killed a two-headed ogre
 10399 | D:8      | Found a glowing silver altar of Zin.
 10464 | D:8      | Noticed a two-headed ogre
 10497 | D:8      | Killed a two-headed ogre
 11885 | D:9      | Found a burning altar of Makhleb.
 12254 | D:9      | Reached **** piety under Dithmenos
 12433 | D:9      | Noticed a two-headed ogre
 12436 | D:9      | Killed a two-headed ogre
 12436 | D:9      | Reached skill level 16 in Stealth
 12436 | D:9      | Reached XP level 11. HP: 42/42 MP: 15/15
 12621 | D:9      | Found a staircase to the Orcish Mines.
 12642 | D:9      | Noticed a two-headed ogre
 12690 | D:9      | Killed a two-headed ogre
 12847 | D:10     | Entered Level 10 of the Dungeon
 13025 | D:10     | Reached skill level 5 in Evocations
 13501 | D:10     | Found a sacrificial altar of Ru.
 13748 | D:10     | Found a staircase to the Lair.
 13804 | D:11     | Found a transporter.
 13804 | D:11     | Noticed a two-headed ogre
 13804 | D:11     | Noticed a green ugly thing
 13870 | D:11     | Found a labyrinth entrance.
 13871 | D:11     | Noticed an unseen horror
 13890 | D:11     | Killed an unseen horror
 13997 | D:10     | Killed a two-headed ogre
 14027 | D:10     | Killed a green ugly thing
 14123 | D:11     | Found a viscous altar of Jiyva.
 14501 | D:11     | Reached skill level 5 in Spellcasting
 14513 | D:11     | Noticed an unseen horror
 14672 | D:11     | Killed an unseen horror
 15292 | D:11     | Found a transporter.
 15303 | D:11     | Reached ***** piety under Dithmenos
 15962 | D:11     | Gained mutation: Your thick and shaggy fur keeps you warm. (AC +3, rC+) [Felid growth]
 15962 | D:11     | Reached XP level 12. HP: 46/46 MP: 14/21
 16364 | D:12     | Reached skill level 17 in Stealth
 16450 | D:12     | Learned a level 3 spell: Confuse
 16454 | D:12     | Learned a level 3 spell: Tukima's Dance
 16473 | D:12     | Found Apurof's Antique Weapon Shoppe.
 16515 | D:12     | Noticed a two-headed ogre
 16518 | D:12     | Killed a two-headed ogre
 16820 | D:12     | Noticed Harold
 16826 | D:12     | Killed Harold
 17170 | D:13     | Noticed Nessos
 17170 | D:13     | Noticed a two-headed ogre
 17174 | D:13     | Killed Nessos
 17546 | D:12     | Killed a two-headed ogre
 18246 | D:13     | Reached skill level 10 in Dodging
 18518 | D:13     | Reached skill level 18 in Stealth
 18971 | D:14     | Noticed a two-headed ogre
 18976 | D:14     | Killed a two-headed ogre
 19045 | D:14     | Mangled by a purple ugly thing
 19046 | D:14     | Reached XP level 11. HP: -6/43 MP: 15/23
 19048 | D:14     | Noticed a centaur warrior
 19057 | D:14     | Killed a centaur warrior
 19080 | D:14     | Noticed a death knight
 19094 | D:14     | Reached XP level 12. HP: 27/46 MP: 21/24
 19214 | Lair:1   | Entered Level 1 of the Lair of Beasts
 20489 | Lair:2   | Found a hole to the Spider Nest.
 20639 | Lair:2   | Found a staircase to the Swamp.
 20731 | Lair:2   | Found a shimmering altar of Xom.
 21129 | Lair:3   | Noticed a catoblepas
 21151 | Lair:3   | Killed a catoblepas
 21152 | Lair:3   | Reached ****** piety under Dithmenos
 22458 | Lair:3   | Noticed a seven-headed hydra
 22462 | Lair:3   | Killed a seven-headed hydra
 22524 | Lair:3   | Reached skill level 19 in Stealth
 22593 | Lair:3   | Noticed a five-headed hydra
 22601 | Lair:3   | Killed a five-headed hydra
 22607 | Lair:3   | Noticed Gastronok
 22621 | Lair:3   | Killed from afar by Gastronok
 22622 | Lair:3   | Reached XP level 11. HP: 0/45 MP: 16/24
 22665 | Lair:3   | Killed Gastronok
 22665 | Lair:3   | Reached XP level 12. HP: 49/49 MP: 25/25
 23703 | Lair:5   | Noticed Goboxel's ghost (journeyman GnSk)
 24073 | Lair:5   | Noticed a six-headed hydra
 24237 | Lair:4   | Killed a six-headed hydra
 24279 | Lair:5   | Found a staircase to the Slime Pits.
 24586 | Lair:5   | Killed Goboxel's ghost
 25068 | Lair:6   | Entered Level 6 of the Lair of Beasts
 26013 | Lair:5   | Reached XP level 13. HP: 47/54 MP: 15/27
 26208 | Lair:5   | Reached skill level 5 in Fighting
 26921 | Lair:6   | Identified the Tome of Confrontation
 26983 | Lair:6   | Noticed GotenAND's ghost (journeyman DDFi)
 27038 | Lair:6   | Killed GotenAND's ghost
 27038 | Lair:6   | Reached skill level 20 in Stealth
 27490 | Lair:6   | Found a burning altar of Makhleb.
 27962 | Spider:1 | Entered Level 1 of the Spider Nest
 28180 | Swamp:1  | Entered Level 1 of the Swamp
 28538 | Swamp:1  | Noticed a thorn hunter
 28561 | Swamp:1  | Killed a thorn hunter
 28852 | Swamp:1  | Identified a scroll of acquirement
 28853 | Swamp:1  | Got a translucent ruby amulet
 29735 | Swamp:2  | Found a frozen archway.
 29737 | Swamp:2  | Noticed a thorn hunter
 29767 | Swamp:2  | Killed a thorn hunter
 29767 | Swamp:2  | Reached skill level 10 in Unarmed Combat
 30169 | IceCv    | Entered an ice cave
 30202 | IceCv    | Reached XP level 14. HP: 57/60 MP: 28/28
 31283 | IceCv    | HP: 3/60 [blizzard demon/the air (15)]
 31784 | Swamp:2  | Mangled by a five-headed hydra
 31785 | Swamp:2  | Reached XP level 13. HP: -6/56 MP: 25/27
 32131 | Swamp:2  | Noticed a thorn hunter
 32328 | Swamp:2  | Found an opulent altar of Gozag.
 32698 | Swamp:3  | Killed from afar by a spriggan druid

Skill      XL: |  1  2  3  4  5  6  7  8  9 10 11 12 13 |
---------------+----------------------------------------+-----
Hexes          | 5 6 7 8 9 11 13 | 13.1
Stealth        | 5 6 7 9 11 13 14 16 19 20 | 20.6
Dodging        | 3 4 5 7 8 11 12 | 12.6
Unarmed Combat | 2 3 5 6 9 8 11 | 11.4
Evocations     | 2 4 6 9 |  9.1
Fighting       | 1 2 4 6 |  6.6
Spellcasting   | 5 9 |  9.4
Ice Magic      | |  0.2

Action                   |  1- 3 |  4- 6 |  7- 9 | 10-12 | 13-15 || total
-------------------------+-------+-------+-------+-------+-------++-------
Melee: Unarmed           |    80 |   168 |   185 |   541 |   326 ||  1300
       Bite              |     8 |    14 |    13 |    24 |    28 ||    87
       Punch             |       |     1 |     4 |    15 |    11 ||    31
 Cast: Ensorcelled Hiber |    11 |    64 |    73 |   383 |    99 ||   630
       Corona            |     2 |       |     3 |       |       ||     5
       Confuse           |       |       |       |     4 |    11 ||    15
Evoke: Wand              |       |       |     2 |    35 |    52 ||    89
       Box of beasts     |       |       |       |       |     2 ||     2
       Phantom mirror    |       |       |       |       |     1 ||     1
  Use: Potion            |       |     2 |       |     8 |    16 ||    26
       Scroll            |       |       |     5 |    31 |     8 ||    44
 Stab: Sleeping          |    11 |    55 |    68 |   276 |    89 ||   499
       Invisible         |       |     1 |       |       |       ||     1
       Distracted        |       |     1 |     1 |     3 |     3 ||     8
       Paralysed         |       |       |     2 |     4 |       ||     6
       Confused          |       |       |       |     2 |     2 ||     4
  Eat: Chunk             |     2 |    15 |    10 |    53 |     2 ||    82
Armor: Skin              |     4 |    12 |     7 |    11 |    25 ||    59
Dodge: Dodged            |    91 |   125 |   169 |   729 |   381 ||  1495
